 Dungeon Crawl Stone Soup version 0.27.1-3-gb3d3a73c9e (webtiles) character file.

Game seed: 17155531876911213085

16312 quantumflux the Fighter (level 12, -8/98 HPs)
             Began as a Human Fighter on Oct 26, 2021.
             Was an Initiate of Gozag.
             Mangled by a phantasmal warrior (18 damage)
             ... led by a death knight
             ... on level 11 of the Dungeon.
             The game lasted 01:13:33 (19371 turns).

quantumflux the Fighter (Human Fighter)            Turns: 19371, Time: 01:13:34

Health: -8/98      AC: 21    Str: 27    XL:     12   Next: 68%
Magic:  12/12      EV:  7    Int: 10    God:    Gozag
Gold:   340        SH: 20    Dex: 12    Spells: 11/11 levels left

rFire    . . .     SeeInvis .   a - +0 demon whip
rCold    . . .     Faith    .   c - +2 kite shield
rNeg     . . .     Spirit   .   h - +0 plate armour
rPois    +         Reflect  +   q - +0 helmet
rElec    .         Harm     .   M - +0 cloak
rCorr    .         Rampage  .   e - +1 pair of gloves
Will     .....                  L - +0 pair of boots "Iseatip" {rPois}
Stlth    ..........             x - amulet of reflection
HPRegen  0.26/turn              l - ring of willpower
MPRegen  0.13/turn              B - +6 ring of strength

@: weak-willed
A: no striking features
a: Renounce Religion, Potion Petition, Call Merchant, Bribe Branch


You were on level 11 of the Dungeon.
You worshipped Gozag.
Gozag was aware of your devotion.
You visited 2 branches of the dungeon, and saw 12 of its levels.
You also visited: Sewer.

You collected 2427 gold pieces.
You spent 401 gold pieces at shops.
You paid 1686 gold pieces to Gozag.

Inventory:

Hand Weapons
 a - a +0 demon whip (weapon)
Missiles
 r - 2 throwing nets (quivered)
Armour
 c - a +2 kite shield (worn)
 e - a +1 pair of gloves (worn)
 h - a +0 plate armour (worn)
 q - a +0 helmet (worn)
 y - +0 acid dragon scales
 L - the +0 pair of boots "Iseatip" (worn) {rPois}
   (You found it on level 10 of the Dungeon)

   rPois:     It protects you from poison.
 M - a +0 cloak (worn)
Jewellery
 b - a +6 ring of strength
 f - a ring of see invisible
 l - a ring of willpower (left hand)
 s - a ring of resist corrosion
 u - a ring of resist corrosion
 x - an amulet of reflection (around neck)
 B - a +6 ring of strength (right hand)
Wands
 p - a wand of charming (9)
 A - a wand of mindburst (9)
 H - a wand of digging (5)
 K - a wand of flame (12)
Scrolls
 i - 2 scrolls of enchant armour
 j - a scroll of amnesia
 k - 6 scrolls of teleportation
 n - 2 scrolls of blinking {unknown}
 t - 2 scrolls of fog
 v - 2 scrolls of summoning
 C - a scroll of vulnerability {unknown}
 E - 2 scrolls of fear
 F - a scroll of enchant weapon {unknown}
 G - a scroll of magic mapping
Potions
 d - a potion of might
 g - 3 potions of flight
 m - 2 potions of curing
 z - 2 potions of brilliance
 D - a potion of ambrosia
 I - a potion of resistance
 J - 2 potions of berserk rage


   Skills:
 + Level 10.4 Fighting
 + Level 10.2 Maces & Flails
 + Level 10.4 Armour
 - Level 0.3 Dodging
 + Level 10.4 Shields


You had 11 spell levels left.
You didn't know any spells.
Your spell library contained the following spells:

 Spells                   Type           Power      Damage    Failure   Level
 Gell's Gravitas          Tloc           0%         N/A       100%        3
 Lesser Beckoning         Tloc           0%         N/A       100%        3
 Teleport Other           Tloc           0%         N/A       100%        3
 Conjure Ball Lightning   Conj/Air       0%         3x3d6     100%        6
 Borgnjor's Revivificati  Necr           0%         N/A       100%        8
 Discord                  Hex            0%         N/A       100%        8
 Disjunction              Tloc           0%         N/A       100%        8
 Necromutation            Tmut/Necr      0%         N/A       100%        8
 Death's Door             Necr           0%         N/A       100%        9


Dungeon Overview and Level Annotations

Branches:
Dungeon (11/15)            Temple (1/1) D:4            Lair (0/6) D:11
    Orc (0/2) D:11          Sewer (visited)

Altars:
Ashenzari
Cheibriados
Dithmenos
Elyvilon
Fedhas
Gozag
Hepliaklqana
Kikubaaqudgha
Makhleb
Nemelex Xobeh
Okawaru
Qazlal
Ru
Sif Muna
Trog
Uskayaw
Vehumet
Wu Jian
Xom
Yredelemnul
Zin
The Shining One
Beogh
Lugonu

Shops:
D:10 *   Temple ?


Message History

The phantasmal warrior is lightly damaged.
The phantasmal warrior hits you!
Your willpower is stripped away!
You whack the phantasmal warrior!
The phantasmal warrior is moderately damaged.
The phantasmal warrior hits you!
* * * LOW HITPOINT WARNING * * *
The freezing wraith is distracted by your dazzling golden aura.
You feel much better. The phantasmal warrior hits you!!
* * * LOW HITPOINT WARNING * * *
The phantasmal warrior hits you.
* * * LOW HITPOINT WARNING * * *
You hit the phantasmal warrior but do no damage.
The phantasmal warrior is moderately damaged.
You block the phantasmal warrior's attack. x2
You whack the phantasmal warrior!
The phantasmal warrior is severely damaged.
You block the phantasmal warrior's attack.
You closely miss the phantasmal warrior.
The phantasmal warrior is severely damaged.
You block the phantasmal warrior's attack.
You whack the phantasmal warrior!
The phantasmal warrior is almost destroyed.
The phantasmal warrior hits you.
* * * LOW HITPOINT WARNING * * *
The phantasmal warrior hits you but does no damage.
You closely miss the phantasmal warrior.
The phantasmal warrior is almost destroyed.
The phantasmal warrior hits you but does no damage.
You hit the phantasmal warrior.
The phantasmal warrior is almost destroyed.
The freezing wraith is no longer distracted by gold.
You block the phantasmal warrior's attack.
The phantasmal warrior hits you but does no damage.
You hit the phantasmal warrior but do no damage.
The phantasmal warrior is almost destroyed.
The phantasmal warrior hits you!!
* * * LOW HITPOINT WARNING * * *
You feel better. The phantasmal warrior hits you!!
You die...
Your body crumbles into a pile of gold.

##### #.# #..# ####.#
....# #.#
#..########.## ....#
#.# #..........#..
....#
#.########.########.##
.⌠..# #..........# #.#
....# ############ #.#
....# #.# ._.>#
############# #.#
....# #@W.........#
#.# ....#
#W#########.# #.#
.⌠..# #WW..W# #.# #.#
..).# #W##### #.# #.#
....# #.# #.# ....#
#.# #.# ##### #.# #.#
#.# ########.###.# #.#
#............##


You could see 2 phantasmal warriors and a freezing wraith.

Vanquished Creatures
  Josephine (D:10)
  Harold (D:8)
  A death knight (D:11)
  5 two-headed ogres
  A centaur warrior (D:11)
  Erica (D:8)
  A moth of wrath (shapeshifter) (D:11)
  A cyclops (D:9)
  Maurice (D:8)
  2 gargoyles
  Maggie (D:6)
  An unseen horror (D:9)
  A kobold demonologist (D:7)
  A troll (D:9)
  Prince Ribbit (D:8)
  9 wraiths
  A yak (D:9)
  A steam dragon (D:9)
  2 acid dragons (D:9)
  3 water moccasins (D:7)
  2 ice beasts
  6 orc warriors
  2 hornet zombies
  3 sky beasts
  3 black bears
  A necrophage (D:8)
  2 centaurs
  An ogre (D:6)
  6 kobold brigands
  The ghost of RawMediocrity the Ducker, an amateur SpBe of Trog (D:3)
  2 gnoll sergeants
  4 bullfrogs
  A wyvern zombie (D:9)
  3 scorpions
  A water moccasin skeleton (D:6)
  8 wights
  8 electric eels (D:9)
  8 howler monkeys
  3 centaur zombies
  Crazy Yiuf (D:7)
  2 hounds (D:6)
  A centaur skeleton (D:7)
  A gnoll shaman (D:6)
  6 orc priests
  An iguana (D:6)
  8 orc wizards
  A howler monkey skeleton (D:5)
  17 gnolls
  15 adders
  A white imp (D:6)
  An ufetubus (D:5)
  An adder skeleton (D:4)
  3 worms
  A dart slug (D:5)
  37 orcs
  9 ball pythons
  9 bats
  9 endoplasms
  14 giant cockroaches
  6 goblins
  9 hobgoblins
  7 jackals
  19 kobolds
  18 quokkas
  11 frilled lizards
  11 rats
320 creatures vanquished.

Vanquished Creatures (others)
  2 kobold brigands
  3 kobolds
  A fungus (D:7)
  58 plants (D:9)
64 creatures vanquished.

Grand Total: 384 creatures vanquished

Notes
Turn   | Place    | Note
-------+----------+-------------------------------------------
     0 | D:1      | quantumflux the Human Fighter began the quest for the Orb.
     0 | D:1      | Reached XP level 1. HP: 18/18 MP: 1/1
   134 | D:1      | Reached XP level 2. HP: 24/24 MP: 2/2
   557 | D:1      | Reached XP level 3. HP: 29/29 MP: 3/3
  1253 | D:2      | Reached XP level 4. HP: 37/37 MP: 4/4
  1768 | D:3      | Found a faded altar of an unknown god.
  1853 | D:3      | Found a white marble altar of Elyvilon.
  1863 | D:3      | Reached XP level 5. HP: 40/42 MP: 3/5
  2209 | D:3      | Found a transporter.
  2217 | D:3      | Noticed RawMediocrity's ghost (amateur SpBe)
  2220 | D:3      | Found a transporter.
  2269 | D:3      | Killed RawMediocrity's ghost
  2270 | D:3      | Reached XP level 6. HP: 15/48 MP: 3/6
  2999 | D:4      | Found a staircase to the Ecumenical Temple.
  3016 | Temple   | Entered the Ecumenical Temple
  3139 | Temple   | Became a worshipper of Gozag Ym Sagoz the Greedy
  3293 | D:4      | Reached XP level 7. HP: 12/55 MP: 3/7
  3880 | D:4      | Found a sparkling altar of Nemelex Xobeh.
  4388 | D:5      | Entered Level 5 of the Dungeon
  4561 | D:5      | Found a glowing drain.
  4582 | Sewer    | Entered a sewer
  5556 | Sewer    | Reached skill level 5 in Fighting
  5572 | Sewer    | Reached XP level 8. HP: 40/62 MP: 6/8
  5602 | Sewer    | Reached skill level 5 in Armour
  5602 | Sewer    | Reached skill level 5 in Shields
  6300 | D:5      | Reached skill level 5 in Maces & Flails
  7345 | D:6      | Noticed Maggie
  7362 | D:6      | Killed Maggie
  7363 | D:6      | Reached XP level 9. HP: 21/69 MP: 9/9
  7620 | D:6      | Found a glowing golden altar of the Shining One.
  8321 | D:7      | Noticed a kobold demonologist
  8608 | D:7      | Found an iron altar of Okawaru.
  8608 | D:7      | Found a stormy altar of Qazlal.
  8608 | D:7      | Found a blossoming altar of Fedhas.
  9714 | D:7      | Reached XP level 10. HP: 76/77 MP: 10/10
  9844 | D:7      | Found Zin's Purification Station.
  9845 | D:7      | Found a glowing silver altar of Zin.
  9852 | D:7      | Bought a potion of curing for 90 gold pieces
  9869 | D:7      | Noticed a rust devil
 10425 | D:8      | Found an ornate altar of the Wu Jian Council.
 10714 | D:8      | Noticed a two-headed ogre
 10731 | D:8      | Killed a two-headed ogre
 11033 | D:8      | Noticed Harold
 11378 | D:8      | Killed Harold
 11621 | D:8      | Noticed Maurice
 11642 | D:8      | Killed Maurice
 11682 | D:8      | Noticed Prince Ribbit
 11972 | D:8      | Killed Prince Ribbit
 11973 | D:8      | Reached XP level 11. HP: 87/87 MP: 11/11
 11996 | D:8      | Noticed Erica
 12013 | D:8      | Killed Erica
 12348 | D:8      | Found a radiant altar of Vehumet.
 12437 | D:9      | Noticed a two-headed ogre
 12451 | D:9      | Killed a two-headed ogre
 12708 | D:9      | Found a shimmering altar of Xom.
 14844 | D:9      | Noticed a cyclops
 14857 | D:9      | Killed a cyclops
 15177 | D:9      | Found a shimmering blue altar of Sif Muna.
 15178 | D:9      | Found a snail-covered altar of Cheibriados.
 15968 | D:10     | Entered Level 10 of the Dungeon
 16112 | D:10     | Bought a scroll labelled GIJUPT DEAS ZIEWN for 22 gold
                  | pieces
 16112 | D:10     | Bought a scroll labelled MILLET SOBYMI for 22 gold pieces
 16112 | D:10     | Bought a scroll labelled MILLET SOBYMI for 22 gold pieces
 16371 | D:10     | Noticed a two-headed ogre
 16408 | D:10     | Killed a two-headed ogre
 16409 | D:10     | Reached XP level 12. HP: 35/97 MP: 12/12
 16751 | D:10     | Identified the +0 pair of boots "Iseatip" {rPois}
 16972 | D:10     | Noticed Josephine
 16998 | D:10     | Killed Josephine
 17005 | D:10     | Reached skill level 10 in Fighting
 17269 | D:7      | Noticed a sun demon
 17270 | D:7      | Reached skill level 10 in Shields
 17511 | D:7      | Found a sacrificial altar of Ru.
 17735 | D:7      | Found a runed translucent door.
 17736 | D:7      | Noticed Crazy Yiuf
 17744 | D:7      | Killed Crazy Yiuf
 18063 | Temple   | Bought a scroll of enchant armour for 75 gold pieces
 18063 | Temple   | Bought a scroll of enchant armour for 75 gold pieces
 18063 | Temple   | Bought a scroll of identify for 20 gold pieces
 18063 | Temple   | Bought a scroll of identify for 20 gold pieces
 18063 | Temple   | Bought a scroll of magic mapping for 35 gold pieces
 18063 | Temple   | Bought a scroll of identify for 20 gold pieces
 18224 | D:11     | Reached skill level 10 in Armour
 18376 | D:11     | Found a staircase to the Lair.
 18492 | D:11     | Noticed a two-headed ogre
 18503 | D:11     | Killed a two-headed ogre
 18625 | D:11     | Noticed a centaur warrior
 18629 | D:11     | Killed a centaur warrior
 18630 | D:11     | Reached skill level 10 in Maces & Flails
 18797 | D:11     | Noticed a two-headed ogre
 18805 | D:11     | Killed a two-headed ogre
 18925 | D:11     | Found a staircase to the Orcish Mines.
 19334 | D:11     | Noticed a death knight
 19359 | D:11     | Killed a death knight
 19370 | D:11     | HP: 1/98 [phantasmal warrior[a death knight] (23)]
 19371 | D:11     | Mangled by a phantasmal warrior

Illustrated notes

Levels and vault maps discovered:
D:1:      dpeg_arrival_tiny_a, layout_loops_ring
D:2:      layout_basic
D:3:      layout_loops_ring, mainiacjoe_overflow_surrounded_room,
          hellmonk_ecumenical_altar_inner_sanctum, gammafunk_ghost_arena
D:4:      cheibrodos_thug_alley, layout_gridville, general_overflow_altar,
          minmay_temple_entry_hall, chequers_serial_rivers_micro_a
D:5:      layout_basic, portal_sewer_entry_f, nrook_uturn, nicolae_sextant,
          hex_intersection
D:6:      layout_gridville, tso_metal_star, st_stairs_1, grunt_ministairs_11,
          uniq_maggie
D:7:      layout_cave_pools, zin_purify, grunt_temple_overflow_open,
          nicolae_ru_path_of_blood, nicolae_zen_rock_garden,
          uniq_crazy_yiuf_cottage
D:8:      layout_loops_corners, mainiacjoe_overflow_chevrons,
          lemuel_coloured_pillars_altar, uniq_erica, uniq_maurice, uniq_harold,
          uniq_prince_ribbit1
D:9:      layout_stronghold, xom_confusion_cloud,
          gammafunk_temple_overflow_pools, serial_bayou, serial_bayou_ford_a,
          serial_bayou_lake_a, serial_bayou_lagoon_a, serial_bayou_shore_b,
          serial_bayou_pond_e, serial_bayou_pond_d, minmay_increasing_density
D:10:     layout_gridville, uniq_josephine
D:11:     layout_loops_ring, lair_entry_dummy, david_orc_5
Temple:   kb_corrupted_temple

Skill      XL: |  1  2  3  4  5  6  7  8  9 10 11 12 |
---------------+-------------------------------------+-----
Maces & Flails | 3 4 5 6 8 9 10 | 10.2
Fighting       | 4 5 6 7 8 9 10 | 10.4
Armour         | 4 6 7 8 9 10 | 10.4
Shields        | 4 6 7 8 9 10 | 10.4
Dodging        | |  0.3

Action                   |  1- 3 |  4- 6 |  7- 9 | 10-12 || total
-------------------------+-------+-------+-------+-------++-------
Melee: Flail             |    92 |   219 |   710 |   103 ||  1124
       Demon whip        |       |       |       |   660 ||   660
Throw: Throwing net      |       |       |       |     1 ||     1
Invok: Call Merchant     |       |       |       |     2 ||     2
  Use: Scroll            |     6 |     2 |     4 |     9 ||    21
       Potion            |       |       |     2 |     8 ||    10
 Stab: Distracted        |       |       |     2 |     1 ||     3
Armor: Scale mail        |    38 |       |       |       ||    38
       Plate armour      |    16 |   180 |   556 |   210 ||   962
Dodge: Dodged            |    17 |    44 |   129 |    68 ||   258
Block: Kite shield       |    56 |   164 |   628 |   474 ||  1322
       Reflection        |       |       |     3 |    21 ||    24
